 Dungeon Crawl Stone Soup version 0.18-a0-739-gdae9da8 (webtiles) character file.

1312 Oleczek the Cleaver (level 8, 0/78 HPs)
             Began as a Minotaur Berserker on Dec 10, 2015.
             Was an Elder of Trog.
             Slain by a wight
             ... wielding a cursed +1 trident of freezing
              (1 damage)
             ... on level 6 of the Dungeon.
             The game lasted 00:16:10 (5737 turns).

Oleczek the Cleaver (Minotaur Berserker)            Turns: 5737, Time: 00:16:10

Health: 0/78       AC:  6    Str: 24    XL:     8   Next: 32%
Magic:  7/7        EV: 10    Int:  4    God:    Trog [****..]
Gold:   299        SH:  0    Dex: 10    Spells: 0 memorised, 7 levels left

rFire  . . .     SeeInvis .     a - +2 hand axe
rCold  . . .     Clarity  .     d - +0 scale mail
rNeg   . . .     SustAt   .     (no shield)
rPois  .         Gourm    .     (helmet restricted)
rElec  .         Spirit   .     (no cloak)
rCorr  .         Dismiss  .     (no gloves)
rMut   .         Stasis   .     (no boots)
MR     .....                    (no amulet)
Stlth  +.........               (no ring)
                                p - ring of stealth

@: drained, not resistant to hostile enchantments, very unstealthy
A: retaliatory headbutt, horns 2
a: Berserk, Trog's Hand, Brothers in Arms, Burn Spellbooks, Renounce Religion


You were on level 6 of the Dungeon.
You worshipped Trog.
Trog was greatly pleased with you.
You were not hungry.

You visited 1 branch of the dungeon, and saw 6 of its levels.

You collected 299 gold pieces.

Inventory:

Hand Weapons
 a - a +2 hand axe (weapon)
 w - a +0 war axe
Armour
 b - a +0 animal skin
 d - a +0 scale mail (worn)
Jewellery
 k - an uncursed amulet of faith {unknown}
 p - a ring of stealth (left hand)
 r - an uncursed ring of teleportation
Wands
 e - a wand of confusion (25)
 t - a wand of polymorph (11)
 B - a wand of digging (13)
Scrolls
 x - 4 scrolls of remove curse
 y - a scroll of enchant weapon
Potions
 f - a potion of cancellation
 h - 4 potions of curing
 i - a potion of agility
 j - a potion of flight {unknown}
 m - 2 potions of might {unknown}
 o - a potion of invisibility {unknown}
 q - a potion of haste {unknown}
 u - a potion of brilliance {unknown}
 v - a potion of mutation {unknown}
 z - 2 potions of lignification {unknown}
 A - a potion of resistance {unknown}
Comestibles
 c - 3 bread rations
 g - a slice of pizza
 l - a beef jerky
 n - a royal jelly
 s - 3 meat rations


   Skills:
 + Level 9.1(8.0) Fighting
 + Level 9.3(8.3) Axes
 - Level 2.4(1.5) Armour
 - Level 2.1(1.3) Dodging
 + Level 1.3(0.5) Stealth


You had 7 spell levels left.
You didn't know any spells.

Dungeon Overview and Level Annotations

Branches:
Dungeon (6/15)             Temple (0/1) D:5

Altars:
Gozag
Ru
Sif Muna
Trog

Annotations:
D:4 1 exclusion


Innate Abilities, Weirdness & Mutations

You reflexively headbutt those who attack you in melee.
You have a pair of horns on your head.


Message History

You closely miss the wight.
The wight is lightly damaged.
The wight hits you with a trident of freezing!
* * * LOW HITPOINT WARNING * * *
You feel drained.
* * * LOW HITPOINT WARNING * * *
The wight freezes you.
* * * LOW HITPOINT WARNING * * *
You hit the wight. Your headbutt misses the wight.
The wight is moderately damaged.
The wight hits you with a trident of freezing!
* * * LOW HITPOINT WARNING * * *
The wight freezes you.
* * * LOW HITPOINT WARNING * * *
You hit the wight but do no damage.
The wight is moderately damaged.
The wight hits you with a trident of freezing.
* * * LOW HITPOINT WARNING * * *
You feel drained.
You die...

#...........#
o #..........
#. #........#
#.
#......<.###
..
#......#.).#
.#
#......###(#
.# #######
#.##.# #z)..#
####@.###.#
#..........#
#...###.....#
#.... ......
#..... ...#.
#...... ...#
#.#...#. ..#
#.#...#.####
#..###. #


You could see a wight.

Vanquished Creatures
  Grinder (D:6)
  Edmund (D:6)
  A phantom (D:5)
  3 eyes of draining (D:3)
  A centaur (D:4)
  A crimson imp (D:6)
  A jelly (D:5)
  4 orc wizards
  4 orc priests
  3 worker ants
  A hound skeleton (D:5)
  2 gnolls
  4 adders
  A shadow imp (D:5)
  2 worms
  4 giant geckos
  28 orcs
  3 ball pythons
  7 goblins
  7 hobgoblins
  6 jackals
  6 kobolds (D:2)
  4 quokkas
  5 bats
  7 giant cockroaches
  3 giant newts (D:1)
  9 rats
119 creatures vanquished.

Notes
Turn   | Place    | Note
--------------------------------------------------------------
     0 | D:1      | Oleczek the Minotaur Berserker began the quest for the Orb.
     0 | D:1      | Reached XP level 1. HP: 19/19 MP: 0/0
   223 | D:1      | Reached skill level 4 in Axes
   240 | D:1      | Reached XP level 2. HP: 27/27 MP: 1/1
   748 | D:1      | Reached ** piety under Trog
   957 | D:2      | Found a deep blue altar of Sif Muna.
  1002 | D:2      | Reached XP level 3. HP: 34/34 MP: 2/2
  1576 | D:2      | Found a faded altar to an unknown god.
  1699 | D:3      | Reached skill level 5 in Axes
  1767 | D:3      | Reached XP level 4. HP: 41/41 MP: 3/3
  1800 | D:3      | Reached skill level 5 in Fighting
  1856 | D:3      | Found a sacrificial altar of Ru.
  1968 | D:3      | Noticed an eye of draining
  1968 | D:3      | Noticed an eye of draining
  1969 | D:3      | Noticed an eye of draining
  1992 | D:3      | Killed an eye of draining
  1992 | D:3      | Reached skill level 6 in Axes
  1992 | D:3      | Reached XP level 5. HP: 49/49 MP: 0/4
  2011 | D:3      | Killed an eye of draining
  2011 | D:3      | Reached XP level 6. HP: 53/57 MP: 0/5
  2014 | D:3      | Reached *** piety under Trog
  2016 | D:3      | Reached skill level 7 in Axes
  2634 | D:3      | Found an opulent altar of Gozag.
  2693 | D:3      | Found a bloodstained altar of Trog.
  2885 | D:4      | Reached XP level 7. HP: 58/66 MP: 6/6
  3144 | D:4      | Reached **** piety under Trog
  3307 | D:4      | Reached skill level 1 in Stealth
  4212 | D:5      | Entered Level 5 of the Dungeon
  4243 | D:5      | Reached skill level 8 in Axes
  4984 | D:5      | Found a staircase to the Ecumenical Temple.
  5468 | D:6      | Noticed Edmund
  5488 | D:6      | Killed Edmund
  5488 | D:6      | Reached skill level 9 in Axes
  5488 | D:6      | Reached XP level 8. HP: 38/75 MP: 7/7
  5496 | D:6      | Noticed Grinder
  5515 | D:6      | Killed Grinder
  5736 | D:6      | HP: 3/78 [wight/trident of freezing (3)]
  5737 | D:6      | HP: 1/78 [wight/trident of freezing (2)]
  5737 | D:6      | Slain by a wight

Vault maps used:
D:1:      dpeg_arrival_renting, minmay_misc_feat_hallway, minivault_25
D:2:      led_sif_pool, ecumenical_altar_2, kennysheep_cross_room
D:3:      nicolae_ru_sacrificial_ziggurat, trog_eyes_of_draining,
          old_standard_altar, first_bread
D:4:      eino_tiny_chamber
D:5:      minmay_temple_entry_junction2
D:6:      grunt_pakellas_mercury, uniq_edmund, uniq_grinder

Action                   |  1- 3 |  4- 6 |  7- 9 || total
-------------------------+-------+-------+-------++-------
Melee: Hand axe          |   114 |    62 |   140 ||   316
Invok: Berserk           |     1 |     1 |       ||     2
  Use: Scroll            |     6 |     3 |     1 ||    10
  Eat: Bread ration      |     1 |       |     2 ||     3
       Chunk             |       |     3 |     3 ||     6
